 Dungeon Sprint DCSS version 0.30-a0-1103-g25895a7845 (webtiles) character file.

Game seed: 18119331833197445922

17 sircluck the Cudgeller (level 2, -1/29 HPs)
             Began as a Minotaur Berserker on Apr 18, 2023.
             Was a Priest of Trog.
             Slain by an iguana (5 damage)
             ... in the Dungeon (Sprint IX: "|||||||||||||||||||||||||||||").
             The game lasted 00:00:36 (24 turns).

sircluck the Cudgeller (Minotaur Berserker)           Turns: 24, Time: 00:00:36

Health: -1/29      AC:  2    Str: 21    XL:     2   Next: 44%
Magic:  1/1        EV: 12    Int:  4    God:    Trog [***...]
Gold:   0          SH:  0    Dex:  9    Spells: 1/1 levels left

rFire   . . .      SeeInvis .    a - +0 mace
rCold   . . .      Faith    .    (no shield)
rNeg    . . .      Spirit   .    b - +0 animal skin
rPois   .          Reflect  .    (helmet restricted)
rElec   .          Rampage  .    (no cloak)
rCorr   .          NoTele   +    (no gloves)
Will    .....                    (no boots)
Stlth   +                        (no amulet)
HPRegen 0.24/turn                (no ring)
MPRegen 0.07/turn                (no ring)

@: lethally poisoned (-1 -> -4)
A: horns 2, retaliatory headbutt
a: Renounce Religion, Berserk, Trog's Hand


You were in the Dungeon.
You worshipped Trog.
Trog was most pleased with you.
You visited 1 branch

Inventory:

Hand Weapons
 a - a +0 mace (weapon)
Armour
 b - a +0 animal skin (worn)
Scrolls
 h - a scroll of blinking
Potions
 c - a potion of curing
 d - a potion of heal wounds
 e - a potion of haste
 f - 2 potions of magic
 g - a potion of berserk rage


   Skills:
 + Level 5.2 Fighting
 + Level 5.3 Maces & Flails
 + Level 3.1 Armour
 + Level 2.9 Dodging


You had one spell level left.
You didn't know any spells.
Your spell library was empty.

Dungeon Overview and Level Annotations

Branches:
Dungeon (1/1)

Altars:


Innate Abilities, Weirdness & Mutations

You have a pair of horns on your head.
You reflexively headbutt those who attack you in melee.


Message History

The giant cockroach is moderately wounded.
The giant cockroach bites you but does no damage. x2
You thump the giant cockroach!
You kill the giant cockroach!
Trog accepts your kill.
You open the door.
An orc, an adder, an iguana, a quokka and a scorpion come into view.
The orc shouts!
The adder hisses angrily.
The iguana hisses angrily.
You thump the orc!
You kill the orc!
Trog accepts your kill.
You have reached level 2!
You hit the adder.
The adder is heavily wounded.
The adder misses you. The adder bites you.
You are poisoned.
The adder poisons you!
You hit the adder.
The adder is almost dead.
You feel sick. The adder bites you.
You are more poisoned.
The adder poisons you!
You barely miss the adder. You headbutt the adder.
You kill the adder!
Trog accepts your kill.
You feel very sick.
Your Fighting skill increases to level 5!
Your Maces & Flails skill increases to level 5!
Your Armour skill increases to level 3!
You closely miss the iguana.
You feel sick. The iguana closely misses you.
The iguana bites you but does no damage.
You sock the iguana!
The iguana is severely wounded.
You feel sick. The iguana bites you!
* * * LOW HITPOINT WARNING * * *
You barely miss the iguana.
The iguana is severely wounded.
* * * LOW HITPOINT WARNING * * *
You feel sick. The iguana bites you.
You die...

▓.▓
▓.▓
▓.▓
▓)▓
▓)▓
▓)▓
▓.▓
▓.▓
▓@▓
▓l▓
▓r▓
▓s▓
▓.▓
▓.▓
▓.▓
▓+▓


You could see a scorpion, an iguana and a quokka.

Vanquished Creatures
  An adder (D)
  An orc (D)
  An endoplasm (D)
  A giant cockroach (D)
  A goblin (D)
  2 kobolds (D)
7 creatures vanquished.

Notes
Turn   | Place    | Note
-------+----------+-------------------------------------------
     0 | D        | sircluck the Minotaur Berserker began the quest for the
                  | Orb.
     0 | D        | Reached XP level 1. HP: 19/19 MP: 0/0
     7 | D        | Reached ** piety under Trog
    17 | D        | Noticed an iguana
    17 | D        | Noticed a scorpion
    19 | D        | Reached XP level 2. HP: 28/28 MP: 1/1
    21 | D        | Reached *** piety under Trog
    22 | D        | Reached skill level 5 in Fighting
    22 | D        | Reached skill level 5 in Maces & Flails
    24 | D        | Slain by an iguana

Illustrated notes

Levels and vault maps discovered:
D:        linesprint [early_d, line_temple, items_1, d_10, items_2, lair_1,
          lair_end, items_3, orc_1, orc_end, items_4, d_15, swamp_1, shoals_1,
          snake_1, spider_1, d_20, vaults_1, items_5, swamp_end, shoals_end,
          snake_end, spider_end, vaults_end, d_27, items_6, zot_1, zot_end,
          crypt_end, forest_end, elf_end, slime_end, tomb_end, abyss_end,
          pan_hell_end]

Skill      XL: |  1  2 |
---------------+-------+-----
Fighting       | 4 5 |  5.2
Maces & Flails | 4 5 |  5.3
Armour         | 3 |  3.1
Dodging        | |  2.9

Action                     || total
---------------------------++-------
  Melee: Mace              ||    14
         Headbutt          ||     1
 Armour: Animal skin       ||     4
  Dodge: Dodged            ||    11

Table legend: (Time is in decaauts)
 A = Elapsed time spent in this place.
 B = Non-inter-level travel time spent in this place.
 C = Inter-level travel time spent in this place.
 D = Time resting spent in this place.
 E = Time spent auto-exploring this place.
 F = Levels seen in this place.
 G = Mean time per level.
                   A        B        C        D        E       F      G
               +--------+--------+--------+--------+--------+-----+--------+
         Total |     26 |     26 |      0 |      0 |      0 |   1 |   26.0 |
       Dungeon |     26 |     26 |      0 |      0 |      0 |   1 |   26.0 |
               +--------+--------+--------+--------+--------+-----+--------+

Top non-repeatable levels by time:
       D: 26 daAuts
